 Dungeon Crawl Stone Soup version 0.31-a0-851-g7ff8af7 (webtiles) character file.

Game seed: 16398979817925528695

698 BarneyGumball the Reanimator (level 7, -7/47 HPs)
             Began as a Mummy Necromancer on Oct 6, 2023.
             Mangled by a yak (14 damage)
             ... on level 5 of the Dungeon.
             The game lasted 00:25:38 (5111 turns).

BarneyGumball the Reanimator (Mummy Necromancer)    Turns: 5111, Time: 00:25:39

Health: -7/47      AC:  3    Str: 11    XL:     7   Next: 38%
Magic:  6/22       EV: 12    Int: 16    God:
Gold:   237        SH:  5    Dex: 13    Spells: 6/14 levels left

rFire   . . .        b - staff of fire
rCold   + . .        (no shield)
rNeg    + + +        l - +0 robe
rPois   ∞            (no helmet)
rElec   .            h - +0 cloak
rCorr   .            (no gloves)
SInv    .            (no boots)
Will    .....        d - amulet of reflection
Stlth   ++           m - ring of magical power
HPRegen 0.27/turn    (no ring)
MPRegen 0.18/turn

%: reflection, faith
@: very slightly contaminated, studying Poison Magic
A: cold resistance 1, negative energy resistance 3, torment resistance 2, heat
vulnerability 1, in touch with death 1, no potions, faith
a: no special abilities


You were on level 5 of the Dungeon.
You visited 1 branch of the dungeon, and saw 5 of its levels.

You collected 237 gold pieces.

Inventory:

Hand Weapons
 a - a +0 spear of venom
Missiles
 c - 44 stones (quivered)
Armour
 e - an orb of energy
 h - a +0 cloak (worn)
 l - a +0 robe (worn)
Magical Staves
 b - a staff of fire (weapon)
Jewellery
 d - an amulet of reflection (around neck)
 m - a ring of magical power (left hand)
Wands
 j - a wand of roots (6)
Scrolls
 f - 2 scrolls of amnesia
 g - a scroll of brand weapon
 i - 2 scrolls of noise


   Skills:
 + Level 0.7 Fighting
 + Level 0.5 Armour
 + Level 1.8 Dodging
 - Level 3.0 Stealth
 - Level 4.0 Spellcasting
 + Level 8.0 Necromancy


You had 6 spell levels left.
You knew the following spells:

 Your Spells              Type           Power      Damage    Failure   Level
a - Necrotise             Necr           100%       1d9       1%          1
b - Vampiric Draining     Necr           43%        2d9       1%          3
c - Animate Dead          Necr           43%        N/A       6%          4

Your spell library contained the following spells:

 Spells                   Type           Power      Damage    Failure   Level
 Sandblast                Erth           6%         2d5       17%         1
 Agony                    Necr           43%        N/A       17%         5
 Passwall                 Tmut/Erth      2%         N/A       26%         2
 Stone Arrow              Conj/Erth      6%         3d7       45%         3
 Brom's Barrelling Bould  Conj/Erth      3%         2d3       86%         4


Dungeon Overview and Level Annotations

Branches:
Dungeon (5/15)
 Temple: D:4-7

Altars:
Makhleb

Annotations:
D:2 1 runed translucent door, exclusion: door, Crazy Yiuf, Robin, Sigmund
D:4 1 runed translucent door, PurpleRed's ghost, amateur DEBe
D:5 Grinder


Innate Abilities, Weirdness & Mutations

You are immune to poison.
Your flesh is cold resistant. (rC+)
You are immune to negative energy. (rN+++)
You are immune to unholy pain and torment.
You are vulnerable to heat. (rF-)
You are in touch with the powers of death.
You do not drink.
You have a special connection with the divine. (Faith)


Message History

Aim: a yak (moderately wounded, chance to affect: 83%)
You feel a surge of power!
The yak writhes in agony!
The yak gores you.
Casting: Necrotise (safe; 1% risk of failure)
Confirm with . or Enter, or press ? or * to list all spells.
Aiming: Necrotise (safe; 1% risk of failure)
Press: ? - help, Shift-Dir - straight line, f/p - yak
Aim: a yak (heavily wounded, chance to affect: 83%)
You feel a surge of power!
The yak writhes in agony.
The yak barely misses you.
Casting: Necrotise (safe; 1% risk of failure)
Confirm with . or Enter, or press ? or * to list all spells.
Aiming: Necrotise (safe; 1% risk of failure)
Press: ? - help, Shift-Dir - straight line, f/p - yak
Aim: a yak (severely wounded, chance to affect: 83%)
You feel a surge of power!
The yak writhes in agony.
You block the yak's attack.
Casting: Necrotise (safe; 1% risk of failure)
Confirm with . or Enter, or press ? or * to list all spells.
Aiming: Necrotise (safe; 1% risk of failure)
Press: ? - help, Shift-Dir - straight line, f/p - yak
Aim: a yak (severely wounded, chance to affect: 83%)
You feel a surge of power!
The yak writhes in agony!
The yak gores you!
Casting: Necrotise (safe; 1% risk of failure)
Confirm with . or Enter, or press ? or * to list all spells.
Okay, then.
Casting: Necrotise (safe; 1% risk of failure)
Confirm with . or Enter, or press ? or * to list all spells.
You feel a surge of power!
You miscast Animate Dead.
You are very lightly contaminated with residual magic.
Nothing appears to happen.
The yak gores you!
* * * LOW HITPOINT WARNING * * *
The yak barely misses you.
Casting: Animate Dead (dangerous; 6% risk of failure)
Confirm with . or Enter, or press ? or * to list all spells.
Aiming: Vampiric Draining (safe; 1% risk of failure)
Press: ? - help, Shift-Dir - straight line, f/p - yak
Aim: a yak (almost dead)
You feel a surge of power!
You draw life force from the yak!
You kill the yak!
You feel life coursing into your body. The yak gores you!
You die...

##...###
#......#####
#..........##
#...........##
#....######...#
#.... ###.##
#.... #..#
##... #..# ##..
##@## #†Y##
##Y.# ##.##
##.## ##.##
#..# ##.##
##.##


You could see 2 yaks.

Vanquished Creatures
  A yak (D:5)
  An ogre (D:4)
  Blork the orc (D:5)
  3 scorpions (D:5)
  An orc priest (D:4)
  A hound (D:4)
  4 orc wizards
  6 gnolls
  6 adders
  2 worms
  11 orcs
  8 endoplasms
  5 giant cockroaches
  7 goblins
  10 hobgoblins
  5 jackals
  5 kobolds
  2 quokkas (D:1)
  5 ball pythons
  4 bats
  4 frilled lizards
  6 rats
98 creatures vanquished.

Vanquished Creatures (collateral kills)
  An endoplasm (D:2)
  2 kobolds
  A frilled lizard (D:3)
4 creatures vanquished.

Grand Total: 102 creatures vanquished

Notes
Turn   | Place    | Note
-------+----------+-------------------------------------------
     0 | D:1      | BarneyGumball the Mummy Necromancer began the quest for the
                  | Orb.
     0 | D:1      | Reached XP level 1. HP: 13/13 MP: 4/4
   295 | D:1      | Reached XP level 2. HP: 13/19 MP: 0/6
   919 | D:1      | Reached XP level 3. HP: 24/24 MP: 4/8
  1031 | D:2      | Noticed Robin
  1320 | D:2      | Noticed Sigmund
  1587 | D:2      | Found a runed translucent door.
  1588 | D:2      | Noticed Crazy Yiuf
  1633 | D:2      | Reached skill level 5 in Necromancy
  1637 | D:2      | Learned a level 3 spell: Vampiric Draining
  1792 | D:2      | Found a burning altar of Makhleb.
  1907 | D:3      | Reached XP level 4. HP: 30/30 MP: 8/10
  2999 | D:4      | Noticed a steam dragon
  3142 | D:4      | Found a runed translucent door.
  3151 | D:4      | Noticed PurpleRed's ghost (amateur DEBe)
  3234 | D:4      | Reached XP level 5. HP: 35/35 MP: 11/11
  3444 | D:4      | Noticed a phantom
  3510 | D:4      | Reached skill level 6 in Necromancy
  3617 | D:4      | Noticed an ogre
  4005 | D:5      | Entered Level 5 of the Dungeon
  4234 | D:5      | Noticed Blork the orc
  4260 | D:5      | Killed Blork the orc
  4261 | D:5      | Reached XP level 6. HP: 32/41 MP: 12/12
  4362 | D:5      | Noticed Grinder
  4394 | D:4      | Learned a level 4 spell: Animate Dead
  4475 | D:4      | Reached skill level 7 in Necromancy
  4623 | D:5      | Reached XP level 7. HP: 39/46 MP: 13/13
  4779 | D:5      | Reached skill level 8 in Necromancy
  5042 | D:5      | Noticed a yak
  5061 | D:5      | Noticed a yak
  5062 | D:5      | Noticed a yak
  5111 | D:5      | Killed a yak
  5111 | D:5      | Mangled by a yak

Illustrated notes

Levels and vault maps discovered:
D:1:      dpeg_arrival_boxes_within_box, layout_rooms,
          hangedman_abyss_or_decor_stabs, minmay_misc_feat_alley
D:2:      layout_loops_ring, basic_altar, nicolae_titane, uniq_sigmund,
          uniq_robin, uniq_crazy_yiuf_cottage
D:3:      layout_basic
D:4:      layout_basic, ebering_ghost_sewer_d, minmay_manual_mail
D:5:      layout_layer_cave, uniq_blork_the_orc, uniq_grinder

Skill      XL: |  1  2  3  4  5  6  7 |
---------------+----------------------+-----
Spellcasting   | 3 4 |  4.0
Necromancy     | 5 6 7 8 |  8.0
Stealth        | 3 |  3.0
Fighting       | |  0.7
Armour         | |  0.5
Dodging        | |  1.8

Action                     |  1- 3 |  4- 6 |  7- 9 || total
---------------------------+-------+-------+-------++-------
  Melee: Unarmed           |     5 |       |       ||     5
         Spear             |     1 |       |       ||     1
  Throw: Stone             |       |     6 |     1 ||     7
   Cast: Necrotise         |    69 |   133 |    43 ||   245
         Vampiric Draining |       |     1 |     1 ||     2
    Use: Scroll            |     1 |     6 |       ||     7
 Armour: Robe              |    13 |    33 |     7 ||    53
  Dodge: Dodged            |    16 |    20 |    11 ||    47
  Block: Other             |     2 |     7 |     3 ||    12
         Reflection        |       |     1 |       ||     1

Table legend: (Time is in decaauts)
 A = Elapsed time spent in this place.
 B = Non-inter-level travel time spent in this place.
 C = Inter-level travel time spent in this place.
 D = Time resting spent in this place.
 E = Time spent auto-exploring this place.
 F = Levels seen in this place.
 G = Mean time per level.
                   A        B        C        D        E       F      G
               +--------+--------+--------+--------+--------+-----+--------+
         Total |   5118 |   4589 |    529 |    690 |   2094 |   5 | 1023.6 |
       Dungeon |   5118 |   4589 |    529 |    690 |   2094 |   5 | 1023.6 |
               +--------+--------+--------+--------+--------+-----+--------+

Top non-repeatable levels by time:
     D:4: 1446 daAuts
     D:3: 1158 daAuts
     D:1: 1080 daAuts
     D:2: 899 daAuts
     D:5: 534 daAuts
